AoeStats
← ALF

Nomad

508088828Analyzed
4v4 RM · 10d ago on Sep 20, 2026· 39m 4s· 8 players
Game mode
Random Map
Map size
231×231
Population
200
Speed
Normal
Resources
Standard
Victory
Conquest
Starting age
Dark Age
Ending age
Imperial Age
RankedLock teamsTeams togetherTeam positionsShared explorationLock speedFull tech treeHidden civsTurbo modeCheats
Victory
Defeat
🇧🇷 Spanish · Brazil
1490
+12
🇻🇳 Huns · Vietnam
1449
+14
1438
+14
🇧🇷 Maya · Brazil
1409
+17
🇲🇽 Mongols · Mexico
1426
-15
🇺🇸 Georgians · United States
1400
-14
🇺🇸 Muisca · United States
1398
-14
🇺🇸 Dravidians · United States
1398
-14
ALF
3:38 Loom
12:15 Feudal Age
13:56 Double-Bit Axe
16:29 Fletching
21:21 Castle Age
21:35 Fishing Lines
22:20 Bow Saw
24:25 Bodkin Arrow
25:17 Medium Warships
30:29 Imperial Age
30:25 Wheelbarrow
30:17 Gillnets
31:37 Bracer
38:51 Chemistry
[um] The Inland taipan
12:26 Feudal Age
13:23 Champi Runner
14:35 Scale Mail Armor
14:45 Forging
21:47 Double-Bit Axe
26:44 Loom
30:33 Castle Age
30:29 Fletching
30:34 Elite Skirmisher
31:51 Bodkin Arrow
38:09 Wheelbarrow
not sure
5:02 Loom
14:49 Feudal Age
18:26 Castle Age
17:18 Fletching
20:35 Bodkin Arrow
23:23 Double-Bit Axe
23:22 Horse Collar
Queens_StoneAge
5:15 Loom
14:33 Feudal Age
18:41 Castle Age
17:37 Double-Bit Axe
17:34 Horse Collar
22:01 Wheelbarrow
21:25 Fletching
26:34 Hand Cart
27:13 Bodkin Arrow
32:31 Imperial Age
32:53 Pikeman
34:08 Scale Mail Armor
34:19 Forging
34:53 Guard Tower
37:28 Squires
36:48 Halberdier
HUGO
4:17 Loom
13:00 Feudal Age
14:44 Forging
19:25 Castle Age
19:44 Double-Bit Axe
20:53 Bow Saw
21:27 Horse Collar
24:52 Padded Archer Armor
27:23 Leather Archer Armor
28:56 Wheelbarrow
29:44 Town Watch
30:19 Hand Cart
36:50 Imperial Age
38:04 Ring Archer Armor
37:46 Light Cavalry
38:39 Bloodlines
38:30 Husbandry
39:52 Chemistry
38:44 Gold Mining
38:45 Stone Mining
Yucatan_water_supremacy
4:43 Loom
14:08 Feudal Age
17:51 Castle Age
17:13 Town Watch
19:02 Scale Barding Armor
23:11 Chain Barding Armor
24:08 Bloodlines
26:36 Horse Collar
28:59 Gold Mining
32:18 Husbandry
36:12 Wheelbarrow
36:14 Double-Bit Axe
Wise™
2:55 Loom
16:17 Feudal Age
21:11 Castle Age
34:56 Double-Bit Axe
34:54 Horse Collar
CHÓ GHẺ DŨNG CẢM
4:47 Loom
14:02 Feudal Age
17:55 Castle Age
16:09 Double-Bit Axe
16:07 Horse Collar
19:18 Wheelbarrow
18:53 Bow Saw
18:38 Fishing Lines
20:22 Heavy Plow
23:25 Stone Mining
25:03 Forging
27:58 Scale Barding Armor
28:58 Marauders
29:20 Chain Barding Armor
32:21 Imperial Age
30:40 Bloodlines
31:13 Hand Cart
31:35 Iron Casting
31:18 Husbandry
33:47 Plate Barding Armor
32:45 Elite Tarkan
34:15 Conscription
35:06 Two-Man Saw
36:13 Blast Furnace
36:04 Gold Mining
Connection lost

Rejoining the realm…

Still unreachable

The connection could not be restored.

Session expired

The server has moved on; the page needs a fresh start.